 Dungeon Crawl Stone Soup version 0.27-a0-941-g386ccf399c (webtiles) character file.

Game seed: 8977198084702396265

136 Glokmah the Magician (level 5, 0/37 HPs)
             Began as a Djinni Necromancer on Apr 11, 2021.
             Slain by an orc
             ... wielding a +0 mace
              (5 damage)
             ... on level 3 of the Dungeon.
             The game lasted 00:06:44 (3945 turns).

Glokmah the Magician (Djinni Necromancer)           Turns: 3945, Time: 00:06:45

Health: 0/37       AC:  2    Str:  7    XL:     5   Next: 19%
Gold:   59         EV: 13    Int: 17    God:
                   SH:  0    Dex: 14

rFire    + + .     SeeInvis .   a - +1 short sword (elec)
rCold    x . .     Faith    .   (no shield)
rNeg     . . .     Spirit   .   h - +0 robe
rPois    ∞         Reflect  .   (no helmet)
rElec    .         Harm     .   (no cloak)
rCorr    .         Rampage  .   (no gloves)
Will     .....                  (boots unavailable)
Stlth    ++........             (no amulet)
HPRegen  0.12/turn              (no ring)
MPRegen  0.00/turn              (no ring)

@: flying
A: fire resistance 2, cold vulnerability 1, float, innate caster, hp casting,
extra vitality 1
a: no special abilities


You were on level 3 of the Dungeon.
You visited 1 branch of the dungeon, and saw 3 of its levels.

You collected 59 gold pieces.

Inventory:

Hand Weapons
 a - a +1 short sword of electrocution (weapon)
 k - a +0 hunting sling
Missiles
 f - 87 stones
Armour
 e - a +0 buckler
 h - a +0 robe (worn)
Scrolls
 b - 2 scrolls of magic mapping {unknown}
 c - 2 scrolls of identify {unknown}
 d - a scroll of enchant armour {unknown}
 i - a scroll of teleportation {unknown}
 j - a scroll of immolation {unknown}
 n - a scroll of amnesia {unknown}
 p - a scroll of enchant weapon {unknown}
Potions
 g - a potion of haste {unknown}
 l - a potion of flight {unknown}
 m - a potion of curing {unknown}
 o - a potion of attraction {unknown}


   Skills:
 + Level 1.6 Fighting
 + Level 1.4 Armour
 + Level 3.0 Dodging
 - Level 1.5 Stealth
 + Level 1.4 Shields
 * Level 4.4 Spellcasting


You couldn't memorise any spells.
You knew the following spells:

 Your Spells              Type           Power      Damage    Failure   Level
a - Pain                  Necr           72%        1d7       2%          1
b - Animate Skeleton      Necr           36%        N/A       2%          1
c - Vampiric Draining     Necr           9%         2d7       8%          3
d - Animate Dead          Necr           9%         N/A       24%         4
e - Agony                 Necr           18%        N/A       56%         5
f - Corona                Hex            20%        N/A       2%          1
g - Blink                 Tloc           N/A        N/A       3%          2
Your spell library was empty.

Dungeon Overview and Level Annotations

Branches:
Dungeon (3/15)

Altars:


Innate Abilities, Weirdness & Mutations

You are immune to poison.
Your flesh is very heat resistant. (rF++)
You are vulnerable to cold. (rC-)
You float through the air rather than walking.
You learn spells naturally, not from books.
Your magical power is your life essence.
You have superior vitality. (+4 HP)


Message History

The orc shouts!
You completely miss the orc.
The orc is lightly wounded.
The orc hits you with a +0 mace.
An orc priest comes into view. It is wielding a +0 whip.
You closely miss the orc.
The orc is lightly wounded.
The orc hits you with a +0 mace.
You hit the orc.
The orc is lightly wounded.
The orc priest mumbles some strange prayers to Beogh against you.
Beogh smites you!
An orc priest comes into view.
It is wielding a +2 hand axe of freezing.
You barely miss the orc.
The orc is lightly wounded.
The orc hits you with a +0 mace.
* * * LOW HITPOINT WARNING * * *
Casting: Pain (safe; 2% risk of failure)
Confirm with . or Enter, or press ? or * to list all spells.
Aiming: Vampiric Draining (dangerous; 8% risk of failure)
Press: ? - help, Shift-Dir - straight line, f - orc, p - orc
Aim: an orc, wielding a +0 mace (lightly wounded)
You draw life force from the orc!
You kill the orc!
You feel life coursing into your body.
* * * LOW HITPOINT WARNING * * *
Casting: Vampiric Draining (dangerous; 8% risk of failure)
Confirm with . or Enter, or press ? or * to list all spells.
Aiming: Vampiric Draining (dangerous; 8% risk of failure)
Press: ? - help, Shift-Dir - straight line, f - orc
Aim: an orc, wielding a +0 mace (lightly wounded)
Okay, then.
The orc priest looks braver for a moment.
The orc priest miscasts a cantrip.
Casting: Vampiric Draining (dangerous; 8% risk of failure)
Confirm with . or Enter, or press ? or * to list all spells.
You blink.
* * * LOW HITPOINT WARNING * * *
The orc hits you with a +0 mace.
You die...

### ..#
###.########.####.
........@o§.......
##..##.####o####.
#o# #)#
#.####.########
#....o........#
#.####.######.#
#.# #.# #.# #.#
#.# #.##### #.#
#.# #......


You could see 2 orc priests and an orc.

Vanquished Creatures
  Terence (D:3)
  3 adders (D:2)
  A worm (D:2)
  3 dart slugs
  An orc (D:3)
  11 ball pythons
  3 bats
  6 endoplasms
  2 giant cockroaches
  5 goblins
  7 hobgoblins
  7 jackals
  3 quokkas (D:2)
  4 frilled lizards
  3 kobolds (D:2)
  7 rats
67 creatures vanquished.

Notes
Turn   | Place    | Note
-------+----------+-------------------------------------------
     0 | D:1      | Glokmah the Djinni Necromancer began the quest for the Orb.
     0 | D:1      | Reached XP level 1. HP: 15/15 MP: 0/0
   294 | D:1      | Reached XP level 2. HP: 14/22 MP: 0/0
  1061 | D:1      | Reached XP level 3. HP: 19/26 MP: 0/0
  1061 | D:1      | Learned a level 1 spell: Corona
  1470 | D:1      | Reached skill level 4 in Spellcasting
  1869 | D:2      | Reached skill level 1 in Fighting
  1879 | D:2      | Reached skill level 1 in Armour
  2180 | D:2      | Reached skill level 1 in Shields
  2181 | D:2      | Reached XP level 4. HP: 21/32 MP: 0/0
  3317 | D:2      | Found a faded altar of an unknown god.
  3594 | D:3      | Noticed Terence
  3604 | D:3      | Killed Terence
  3605 | D:3      | Reached XP level 5. HP: 22/37 MP: 0/0
  3605 | D:3      | Learned a level 2 spell: Blink
  3945 | D:3      | Slain by an orc

Illustrated notes

Levels and vault maps discovered:
D:1:      erik_arrival_blinker_ship, layout_loops_ring
D:2:      layout_loops_ring, hellmonk_ecumenical_altar_crossroads,
          roderic_serpentine_path
D:3:      layout_loops_ring, serial_shops, shop, uniq_terence

Skill      XL: |  1  2  3  4 |
---------------+-------------+-----
Spellcasting   | 4 |  4.4
Fighting       | 1 |  1.6
Armour         | 1 |  1.4
Shields        | 1 |  1.4
Dodging        | 3 |  3.0
Stealth        | |  1.5

Action                   |  1- 3 |  4- 6 || total
-------------------------+-------+-------++-------
Melee: Dagger            |     4 |       ||     4
       Short sword       |    12 |    32 ||    44
 Cast: Pain              |    46 |    28 ||    74
       Animate Skeleton  |     8 |     7 ||    15
       Vampiric Draining |     7 |    12 ||    19
       Blink             |       |     1 ||     1
 Stab: Sleeping          |     1 |     2 ||     3
       Distracted        |       |     1 ||     1
Armor: Robe              |     3 |     4 ||     7
Dodge: Dodged            |    15 |    33 ||    48

Table legend: (Time is in decaauts)
 A = Elapsed time spent in this place.
 B = Non-inter-level travel time spent in this place.
 C = Inter-level travel time spent in this place.
 D = Time resting spent in this place.
 E = Time spent auto-exploring this place.
 F = Levels seen in this place.
 G = Mean time per level.
                   A        B        C        D        E       F      G
               +--------+--------+--------+--------+--------+-----+--------+
         Total |   3947 |   3920 |     27 |    592 |   2731 |   3 | 1315.7 |
       Dungeon |   3947 |   3920 |     27 |    592 |   2731 |   3 | 1315.7 |
               +--------+--------+--------+--------+--------+-----+--------+

Top non-repeatable levels by time:
     D:1: 1844 daAuts
     D:2: 1748 daAuts
     D:3: 355 daAuts
